 Dungeon Crawl Stone Soup version 0.17-a0-2014-g32cd421 (webtiles) character file.

617477 4thArraOfDagon the Brawler (level 24, -6/297 (300) HPs)
             Began as a Troll Summoner on Oct 8, 2015.
             Was a High Priest of Cheibriados.
             Mangled by a reaper
             ... wielding a +1 scythe of venom
              (13 damage)
             ... on level 5 of Gehenna on Oct 10, 2015.
             The game lasted 03:32:48 (18601 turns).

4thArraOfDagon the Brawler (Troll Summoner)        Turns: 18601, Time: 03:32:48

HP:   -6/297 (300)  AC: 23    Str: 37 (41) XL:     24   Next: 37%
MP:   17/36         EV: 18    Int: 36      God:    Cheibriados [*****.]
Gold: 1027          SH:  0    Dex: 15 (20) Spells: 9 memorised, 11 levels left

rFire  + + .     SeeInvis .       - Unarmed
rCold  + . .     Clarity  +     (armour currently unavailable)
rNeg   + . .     SustAt   .     (no shield)
rPois  ∞         Gourm    +     (helmet restricted)
rElec  +         Spirit   .     A - +2 cloak
rCorr  .         Warding  .     (gloves unavailable)
rMut   .         Rnd*Tele +     (boots unavailable)
MR     +++..                    Z - amulet "Amurokha" {Clar Int+3}
Stlth  +.........               s - ring "Raepled" {*Corrode rPois rF++ rC+}
                                i - ring of teleportation

@: liquid flames, statue-form, corroded equipment, very slightly contaminated,
glowing, repel missiles, drained, very slow, extremely resistant to hostile
enchantments, very unstealthy
A: unfitting armour, beak, claws 3, talons 1, repulsion field 1, berserk 2,
clumsy 1, fast metabolism 3, gourmand, magic resistance 2, poison resistance,
regeneration 3, (shaggy fur 0), strong 1, (tough skin 0), MP-powered wands
a: End Transformation, Bend Time, Temporal Distortion, Slouch, Step From Time,
Renounce Religion, Evoke Teleportation
}: 7/15 runes: serpentine, barnacled, slimy, silver, golden, bone, abyssal


You were on level 5 of Gehenna.
You worshipped Cheibriados.
Cheibriados was extremely pleased with you.
You were not hungry.
You were a stone statue.
You visited 14 branches of the dungeon, and saw 71 of its levels.
You visited the Abyss 2 times.
You also visited: Labyrinth and Ice Cave.

You collected 3616 gold pieces.
You spent 2589 gold pieces at shops.

Inventory:

Missiles
 u - 34 large rocks (quivered)
 E - 3 throwing nets
Armour
 b - the +5 robe of vines (melded) {DeviceHeal--- Regen++++++}
   (You found it on level 6 of the Pits of Slime)

   It increases your rate of regeneration.
 A - a +2 cloak (worn)
Magical Staves
 v - an uncursed staff of wizardry {!a}
 K - an uncursed staff of earth
Rods
 Q - a +4 iron rod (10/10)
   (You found it on level 1 of the Abyss)
Jewellery
 e - an uncursed amulet of resist corrosion
 g - an uncursed amulet of warding
 i - a ring of teleportation (left claw)
 j - an uncursed ring of protection from fire
 k - an uncursed amulet of regeneration
 l - the ring of Ninuiw {Wiz Dex+2 SInv}
   (You found it on level 6 of the Pits of Slime)

   [ring of wizardry]

   It improves your spell success rate.
   It affects your dexterity (+2).
   It lets you see invisible.
 p - an uncursed ring of positive energy
 s - the ring "Raepled" (right claw) {*Corrode rPois rF++ rC+}
   (You bought it in a shop on level 3 of the Shoals)

   [ring of poison resistance]

   It greatly protects you from fire.
   It protects you from cold.
   It protects you from poison.
   It may corrode your equipment when you take damage.
 x - an uncursed amulet of stasis
 B - the ring of Holely {rC+ rN+ MP+9}
   (You found it on level 3 of the Tomb of the Ancients)

   [ring of positive energy]

   It protects you from cold.
   It protects you from negative energy.
   It affects your magic capacity (+9).
 G - a +3 ring of slaying
 I - an uncursed ring of protection from cold
 M - an uncursed ring of protection from magic
 T - the ring "Melyaval" {+Fly Dex+6 SInv}
   (You found it on level 3 of the Tomb of the Ancients)

   [ring of see invisible]

   It affects your dexterity (+6).
   It lets you see invisible.
   It lets you fly.
 Z - the amulet "Amurokha" (around neck) {Clar Int+3}
   (You found it on level 5 of the Vaults)

   [amulet of clarity]

   It provides mental clarity.
   It affects your intelligence (+3).
Wands
 f - a wand of teleportation (3)
 n - a wand of disintegration (0)
 D - a wand of cold (7)
 V - a wand of digging (13)
 W - a wand of digging (15)
Scrolls
 q - 10 scrolls of remove curse
 z - 3 scrolls of blinking
 H - 2 scrolls of fog
 R - 4 scrolls of recharging
 Y - 5 scrolls of identify
Potions
 a - a potion of ambrosia
 d - 3 potions of heal wounds
 h - a potion of resistance
 o - 6 potions of flight
 r - 2 potions of cancellation
 F - a potion of invisibility
 L - 2 potions of brilliance
 N - 4 potions of agility
 P - 5 potions of curing
 X - 2 potions of lignification
Books
 S - a Necronomicon

   Spells                             Type                      Level
   a - Haunt                          Necromancy/Summoning         7
   b - Borgnjor's Revivification      Necromancy                   8
   c - Death's Door                   Charms/Necromancy            8
   d - Necromutation                  Transmutation/Necromancy     8
Miscellaneous
 w - a sack of spiders
 J - a fan of gales
 U - a lamp of fire
Comestibles
 c - 6 bread rations
 m - 17 meat rations


   Skills:
 - Level 12.0(11.9) Fighting
 - Level 11.0(10.8) Dodging
 - Level 1.1(1.0) Stealth
 - Level 18.0(17.8) Unarmed Combat
 + Level 10.1(9.9) Spellcasting
 - Level 5.0(4.9) Hexes
 * Level 12.4(12.3) Charms
   Level 2.9 Summonings
 * Level 14.7(14.6) Necromancy
 - Level 3.6(3.5) Translocations
 - Level 8.1(8.0) Transmutations
 - Level 5.0(4.9) Air Magic
 - Level 9.4(9.3) Earth Magic
 - Level 10.0(9.9) Invocations
 - Level 10.1(10.0) Evocations


You had 11 spell levels left.
You knew the following spells:

 Your Spells              Type           Power        Failure   Level  Hunger
a - Statue Form           Trmt/Erth      ######...    12%         6    ####...
b - Repel Missiles        Chrm/Air       ######       1%          2    None
c - Passage of Golubria   Tloc           N/A          6%          4    None
d - Apportation           Tloc           #####.....   1%          1    None
e - Animate Skeleton      Necr           N/A          0%          1    None
f - Death's Door          Chrm/Necr      #######...   75%         8    #######
g - Stoneskin             Trmt/Erth      ######..     1%          2    None
h - Regeneration          Chrm/Necr      #######...   1%          3    None
i - Silence               Hex/Air        ######....   12%         5    ##.....


Dungeon Overview and Level Annotations

Branches:
Dungeon (15/15)            Temple (0/1) D:7            Lair (8/8) D:9
 Shoals (4/4) Lair:6        Snake (4/4) Lair:5        Slime (6/6) Lair:8
    Orc (4/4) D:10            Elf (3/3) Orc:4        Vaults (5/5) D:13
  Crypt (3/3) Vaults:2       Tomb (3/3) Crypt:3      Depths (3/5) D:15
   Hell (1/1)                 Geh (5/7) Hell            Tar (7/7) Hell
    Dis: Hell:1         Coc: Hell:1

Altars:
Cheibriados
Fedhas
Kikubaaqudgha
Nemelex Xobeh
Okawaru
Sif Muna
Vehumet
Yredelemnul
Beogh
Jiyva
Lugonu

Shops:
D:10 (   Orc:2 *   Orc:3 %   Orc:4 (?*=:[   Shoals:2 (   Shoals:3 =
Vaults:3 (   Depths:2 (

Portals:
Hell: Depths:3
Abyss: Depths:1 Depths:2 Depths:3

Annotations:
D:7 Joseph
Lair:6 DEFE's ghost, journeyman OpIE
Orc:2 MIRROPR
Orc:4 Sonja
Crypt:3 Jory
Hell exclusion: ice statue
Tar:7 Ereshkigal


Innate Abilities, Weirdness & Mutations

You are too large for most types of armour.
You have claws for hands.
Your metabolism is lightning-fast.
You like to eat raw meat.
You regenerate.
((You are covered in fur (AC +1).))
((You have very tough skin (AC +2).))
You have a beak for a mouth.
You have sharp toenails.
You are surrounded by a mild repulsion field (EV +2).
You often lose your temper in combat.
You are clumsy. (Dex -2)
You are highly resistant to hostile enchantments.
Your system is resistant to poisons.
Your muscles are strong. (Str +2)
You expend magic power (3 MP) to strengthen your wands.


Message History

* * * LOW HITPOINT WARNING * * *
The iron dragon skeleton bites you but does no damage.
The iron dragon skeleton claws you but does no damage.
The iron dragon skeleton tramples you but does no damage.
The titan zombie hits you.
* * * LOW HITPOINT WARNING * * *
The hell hog sprays you with burning goo.
The sticky flame hits you!
You are covered in liquid flames!
Unknown command.
Use which ability?
You step out of the flow of time.
You return to the normal time flow.
You feel somewhat more hungry.
Cheibriados reduces the support of your attributes as your movement quickens. 5 flying skulls and a zombie come into view.
You are covered in liquid flames!
* * * LOW HITPOINT WARNING * * *
The flying skull gives a hideous shriek! x4
The reaper hits you from afar with a scythe of venom!
You die...

.. ###'###
##....W## #
#...ZZ..#.#
#.#.Z.>.z.#.
#.'.Z>.>).'
#.#...>h..#


#.zhzZz8# ##..z2.## ###'### #. # You could see a reaper, 2 hell hogs, a wraith,
5 flying skulls, a golden dragon zombie, an ettin zombie, a titan zombie, a
catoblepas skeleton and a frost giant skeleton.

Vanquished Creatures
  the royal jelly (Slime:6)
  An ancient lich (Tomb:3)
  Khufu (Tomb:3)
  Mara (Shoals:2)
  12 greater mummies
  Sojobo (Depths:1)
  Boris (Crypt:3)
  Frederick (Crypt:3)
  Geryon (Hell)
  A golden dragon (Vaults:5)
  3 bone dragons
  A shard shrike zombie (Crypt:3)
  Rupert (Snake:1)
  3 tentacled monstrosities (Vaults:5)
  5 liches
  3 deep elf blademasters (Elf:3)
  A quicksilver dragon (Vaults:5)
  A deep elf master archer (Elf:3)
  6 titans (Vaults:5)
  The ghost of Meriados the Fencer, an experienced HuBe of Trog (Snake:4)
  6 Shadow Fiends
  The ghost of Goblin1989 the Deadly Accurate, an experienced CeFi of Okawaru (Shoals:3)
  11 acid blobs
  2 krakens (Shoals:4)
  Polyphemus (Shoals:2)
  5 shadow dragons
  An octopode crusher (Depths:1)
  4 ancient champions
  Agnes (Snake:4)
  6 sphinxes
  4 revenants
  2 storm dragons
  5 tengu reavers
  Roxanne (Shoals:1)
  7 fire giants
  Ilsuiw (Shoals:4)
  4 greater nagas (Snake:4)
  4 azure jellies
  4 frost giants
  Aizul (Shoals:4)
  2 curse skulls (Crypt:1)
  A balrug (Geh:5)
  9 deep elf sorcerers (Elf:3)
  12 vault wardens
  A caustic shrike zombie (Crypt:1)
  11 ghouls
  6 very ugly things
  11 ironheart preservers
  10 reapers
  2 war gargoyles
  2 vampire knights
  8 stone giants
  Nessos (Orc:4)
  7 deep elf demonologists
  A salamander stormcaller (Vaults:3)
  6 bennus
  A dire elephant (D:15)
  6 deep elf annihilators
  4 eidola
  3 merfolk javelineers (Shoals:4)
  5 ettins
  12 mummy priests
  5 death oozes (Slime:6)
  5 merfolk impalers
  A minotaur (Lab)
  15 yaktaur captains
  32 vault guards
  A quicksilver dragon zombie (Tar:2)
  4 great orbs of eyes
  6 deep elf death magi
  5 jiangshi
  A quicksilver dragon skeleton (Crypt:3)
  An ice dragon (Depths:1)
  2 deep elf high priests (Elf:3)
  2 fire dragons
  9 naga warriors
  3 merfolk avatars (Shoals:4)
  A death knight (Crypt:1)
  2 rakshasas
  8 ogre magi
  A catoblepas (Shoals:2)
  4 merfolk aquamancers (Shoals:4)
  2 centaur warriors (Vaults:4)
  A dancing weapon (Vaults:5)
  9 anacondas
  A spriggan air mage (Depths:3)
  4 deep troll earth magi
  A satyr (Shoals:3)
  3 spriggan berserkers (Depths:3)
  2 deep troll shamans (Depths:2)
  11 death yaks
  A titan zombie (Tomb:1)
  5 vampire magi
  4 hell hogs (Hell)
  A sun demon (Depths:3)
  9 naga sharpshooters
  22 skeletal warriors
  9 shock serpents
  5 deep elf knights
  6 shadow wraiths
  8 soul eaters
  A titan skeleton (Geh:4)
  A fire crab (Vaults:5)
  2 ice devils
  A storm dragon skeleton (Crypt:2)
  9 deep trolls
  A sea snake (Shoals:4)
  An unseen horror (D:13)
  3 small abominations
  5 salamander mystics (Snake:4)
  A golden dragon zombie (Tar:3)
  2 shadow demons
  The ghost of Protee the Transmogrifier, a novice DsTm of Cheibriados (D:8)
  3 iron trolls (Depths:2)
  64 death scarabs
  4 flayed ghosts
  A quicksilver dragon simulacrum (Crypt:3)
  6 deep elf summoners
  4 lindwurms (Snake:4)
  5 naga ritualists
  A wizard (Vaults:2)
  16 phantasmal warriors
  3 giant orange brains
  11 ironbrand convokers
  A lindwurm (shapeshifter) (Vaults:5)
  A shadow dragon zombie (Hell)
  Pikel (D:5)
  2 harpies (Shoals:1)
  6 anubis guards
  3 hill giants
  7 orc knights
  10 deep elf conjurers
  A stone giant zombie (Crypt:3)
  9 griffons
  2 hornets
  An oklob plant (Lair:6)
  A necromancer (Crypt:3)
  A water nymph (Shoals:4)
  5 cyclopes
  3 wolf spiders
  11 ugly things
  A shadow dragon skeleton (Crypt:3)
  An orc sorcerer (Vaults:5)
  5 salamanders
  29 black mambas
  8 mana vipers
  7 manticores
  9 elephants
  6 shining eyes
  A fire giant skeleton (Tar:4)
  13 naga magi
  7 guardian serpents
  2 rust devils (Hell)
  An eye of devastation (Slime:5)
  The ghost of 4thArraOfDagon the Chopper, a novice DDGl (D:7)
  A water nymph (shapeshifter) (Vaults:2)
  5 sirens
  3 spiny frogs
  A shock serpent skeleton (Crypt:3)
  2 centaur skeletons
  An efreet (D:13)
  A white draconian zombie (Crypt:3)
  7 vault sentinels
  A fire drake (Lair:8)
  8 hellions
  2 dire elephant skeletons
  A catoblepas zombie (Crypt:2)
  5 komodo dragons
  A purple draconian zombie (Crypt:3)
  A komodo dragon (shapeshifter) (Vaults:4)
  3 tormentors
  33 yaktaurs
  39 guardian mummies
  A silent spectre (Tar:4)
  2 red devils (Hell)
  14 two-headed ogres
  7 deep elf priests
  15 merfolk
  5 trolls
  4 boulder beetles
  7 freezing wraiths
  3 snapping turtles
  10 ushabtiu
  A bog body (Crypt:1)
  8 blink frogs
  A hydra skeleton (Geh:5)
  2 large abominations
  A harpy skeleton (Geh:3)
  3 raiju (Abyss:3)
  46 slime creatures
  11 shadows
  A fire dragon skeleton (Tar:1)
  A black mamba zombie (Tar:3)
  23 yaks
  14 wraiths
  An ettin skeleton (Tar:1)
  A tarantella (shapeshifter) (D:13)
  3 redbacks
  11 deep elf magi
  An ice dragon skeleton (Tar:4)
  7 hungry ghosts
  4 water elementals
  19 deep elf fighters
  28 flying skulls
  3 vampire mosquitoes
  6 wargs
  A basilisk (Lair:4)
  A hippogriff (shapeshifter) (Vaults:5)
  2 steam dragons
  4 fire elementals
  6 hippogriffs
  Menkaure (D:7)
  A mottled dragon (Vaults:3)
  10 water moccasins
  25 nagas
  2 porcupines
  21 orc warriors
  38 ogres
  12 necrophages
  4 sky beasts
  3 swamp drakes (Lair:8)
  An ettin simulacrum (Tomb:1)
  An eye of draining (Slime:5)
  10 ice beasts
  5 spiders
  A fire dragon simulacrum (Tomb:2)
  A phantom (D:13)
  A swamp dragon skeleton (Tar:6)
  5 centaurs
  6 boggarts
  A big kobold (shapeshifter) (Vaults:3)
  A dryad zombie (Crypt:2)
  6 crocodiles
  A wyvern zombie (Crypt:2)
  8 giant frogs
  9 wights
  6 crimson imps
  3 hounds
  16 jellies
  22 orc priests
  6 iguanas
  2 iron imps
  A centaur zombie (D:10)
  27 orc wizards
  Crazy Yiuf (D:7)
  Ijyb (D:3)
  A giant frog zombie (D:9)
  Jessica (D:6)
  7 worker ants
  2 naga zombies
  14 sheep
  A crocodile skeleton (Crypt:3)
  19 mummies
  3 hound zombies
  A hound skeleton (D:8)
  A worker ant zombie (D:11)
  9 adders
  4 gnolls
  33 river rats
  8 shadow imps
  A swamp drake skeleton (Crypt:1)
  A naga simulacrum (IceCv)
  An ufetubus (IceCv)
  A worm (D:4)
  4 giant geckos
  141 orcs
  2 bats
  3 goblins
  A hobgoblin (D:1)
  6 jackals
  6 kobolds
  2 quokkas
  A ball python (Lair:5)
  A ball python skeleton (D:4)
  2 giant cockroaches
  A giant gecko skeleton (D:8)
  2 giant newts (D:1)
  2 giant newt skeletons (Crypt:1)
  A giant newt zombie (Crypt:3)
  A quokka skeleton (D:6)
  4 rats (D:1)
  A butterfly (Lair:2)
  2 fungi
  12 tentacles (Shoals:4)
1707 creatures vanquished.

Vanquished Creatures (collateral kills)
  A kraken (Shoals:4)
  A greater naga (Snake:4)
  A frost giant (Vaults:5)
  A very ugly thing (Depths:1)
  A merfolk javelineer (Shoals:4)
  2 naga warriors (Snake:4)
  A merfolk avatar (Shoals:4)
  An anaconda (Snake:4)
  A merfolk aquamancer (Shoals:3)
  A death yak (Lair:4)
  A naga sharpshooter (Snake:4)
  A salamander mystic (Snake:4)
  A naga ritualist (Snake:4)
  An ironbrand convoker (Vaults:3)
  2 mana vipers
  A water nymph (Shoals:4)
  An ugly thing (Depths:1)
  5 black mambas
  A guardian serpent (Snake:4)
  A manticore (Shoals:4)
  2 spiny frogs
  3 naga magi
  A komodo dragon (Lair:2)
  A yaktaur (Vaults:5)
  A red draconian skeleton (Crypt:3)
  2 two-headed ogres (Vaults:4)
  3 water elementals (Shoals:3)
  A steam dragon (Lair:8)
  2 nagas (Snake:4)
  A porcupine (Lair:2)
  A water moccasin (Lair:7)
  2 ogres
  An orc wizard (Orc:4)
  A worker ant (D:13)
  A crocodile skeleton (Crypt:3)
  8 river rats (Lair:4)
  6 orcs
  A butterfly (Lair:2)
  2 plants
66 creatures vanquished.

Vanquished Creatures (others)
  2 liches
  2 eldritch tentacles
  A deep elf high priest (Elf:3)
  A skeletal warrior (Tomb:1)
  5 death scarabs
  A harpy (Shoals:1)
  A wolf spider zombie (Tomb:2)
  A flying skull (Tomb:3)
  A spiny frog skeleton (Geh:2)
  4 mummies
  187 eldritch tentacle segments
  A fire vortex (Vaults:3)
  6 fungi
  2 lost souls
  9 plants
  4 starspawn tentacles (Abyss:4)
  44 starspawn tentacle segments (Abyss:4)
  30 tentacles (Shoals:4)
  628 tentacle segments (Shoals:4)
  12 toadstools (Lair:5)
942 creatures vanquished.

Grand Total: 2715 creatures vanquished

Notes
Turn   | Place    | Note
--------------------------------------------------------------
     0 | D:1      | 4thArraOfDagon the Troll Summoner began the quest for the Orb.
     0 | D:1      | Reached XP level 1. HP: 16/16 MP: 1/1
    61 | D:1      | Reached skill level 1 in Unarmed Combat
   171 | D:1      | Reached XP level 2. HP: 19/24 MP: 2/2
   291 | D:2      | Found a snail-covered altar of Cheibriados.
   379 | D:2      | Reached XP level 3. HP: 31/31 MP: 3/3
   388 | D:2      | Became a worshipper of Cheibriados the Contemplative
   586 | D:3      | Noticed Ijyb
   618 | D:3      | Killed Ijyb
   618 | D:3      | Reached skill level 3 in Unarmed Combat
   618 | D:3      | Reached XP level 4. HP: 40/40 MP: 4/4
   682 | D:3      | Reached skill level 1 in Evocations
   889 | D:4      | Acquired Cheibriados's first power
   889 | D:4      | Reached skill level 1 in Invocations
   913 | D:4      | Reached skill level 1 in Fighting
   913 | D:4      | Reached XP level 5. HP: 22/48 MP: 5/5
  1032 | D:5      | Entered Level 5 of the Dungeon
  1102 | D:5      | Noticed a slave
  1123 | D:5      | Noticed a centaur
  1132 | D:5      | Killed a centaur
  1132 | D:5      | Reached XP level 6. HP: 21/55 MP: 6/6
  1241 | D:6      | Reached skill level 4 in Unarmed Combat
  1305 | D:6      | Found a sparkling altar of Nemelex Xobeh.
  1306 | D:6      | Noticed Jessica
  1306 | D:6      | Killed Jessica
  1306 | D:6      | Reached XP level 7. HP: 42/63 MP: 7/7
  1478 | D:7      | Noticed 4thArraOfDagon's ghost (novice DDGl)
  1496 | D:7      | Noticed Menkaure
  1498 | D:7      | Killed Menkaure
  1498 | D:7      | Reached skill level 5 in Unarmed Combat
  1513 | D:7      | Noticed Joseph
  1578 | D:5      | Noticed Pikel
  1584 | D:5      | Noticed a slave
  1586 | D:5      | Noticed a slave
  1591 | D:5      | Noticed a slave
  1600 | D:5      | Killed Pikel
  1600 | D:5      | Reached skill level 6 in Unarmed Combat
  1600 | D:5      | Reached XP level 8. HP: 34/74 MP: 9/9
  1628 | D:5      | Noticed an ogre
  1641 | D:5      | Killed an ogre
  1697 | D:6      | Found a blossoming altar of Fedhas.
  1699 | D:6      | Found a basalt altar of Yredelemnul.
  1796 | D:7      | Noticed Crazy Yiuf
  1803 | D:7      | Killed Crazy Yiuf
  1921 | D:7      | Found a staircase to the Ecumenical Temple.
  1974 | D:8      | Noticed Protee's ghost (novice DsTm)
  1999 | D:8      | Killed Protee's ghost
  1999 | D:8      | Reached skill level 7 in Unarmed Combat
  1999 | D:8      | Reached XP level 9. HP: 40/84 MP: 9/11
  2203 | D:8      | Gained mutation: You regenerate. [mutagenic meat]
  2204 | D:8      | Gained mutation: You are weak. (Str -2) [mutagenic meat]
  2205 | D:8      | Gained mutation: Your system is resistant to poisons. [mutagenic meat]
  2207 | D:8      | Gained mutation: You evolve. [mutagenic meat]
  2208 | D:8      | Gained mutation: You have a beak for a mouth. [mutagenic meat]
  2241 | D:8      | Lost mutation: You are weak. (Str -2) [evolution]
  2260 | D:8      | Found a deep blue altar of Sif Muna.
  2336 | D:7      | Killed 4thArraOfDagon's ghost
  2336 | D:7      | Reached skill level 8 in Unarmed Combat
  2469 | D:8      | Acquired Cheibriados's second power
  2572 | D:9      | Reached skill level 5 in Invocations
  2609 | D:9      | Reached skill level 5 in Dodging
  2722 | D:10     | Entered Level 10 of the Dungeon
  2722 | D:10     | Found Kubbaq Cipn's Weapon Emporium.
  2771 | D:9      | Found a radiant altar of Vehumet.
  2875 | D:9      | Noticed an elephant
  2916 | D:9      | Reached XP level 10. HP: 75/94 MP: 11/13
  2921 | D:9      | Reached skill level 9 in Unarmed Combat
  2925 | D:9      | Acquired Cheibriados's third power
  2928 | D:9      | Found a staircase to the Lair.
  3026 | D:10     | Reached skill level 5 in Fighting
  3072 | D:10     | Noticed a centaur skeleton
  3075 | D:10     | Killed a centaur skeleton
  3198 | D:10     | Reached skill level 10 in Unarmed Combat
  3310 | D:10     | Found a staircase to the Orcish Mines.
  3362 | D:10     | Noticed a hill giant
  3371 | D:10     | Killed a hill giant
  3465 | Orc:1    | Entered Level 1 of the Orcish Mines
  3471 | Orc:1    | Acquired Cheibriados's fourth power
  3483 | Orc:1    | Found a roughly hewn altar of Beogh.
  3488 | Orc:1    | Reached XP level 11. HP: 95/105 MP: 14/14
  4037 | Orc:2    | Found Mubuc's General Store.
  4045 | Orc:2    | Bought a scroll of fog for 26 gold pieces
  4233 | Orc:2    | Reached skill level 11 in Unarmed Combat
  4263 | Orc:3    | Found Vidareor's Food Emporium.
  4410 | Orc:4    | Entered Level 4 of the Orcish Mines
  4462 | Orc:4    | Found Ceth's Weapon Shop.
  4494 | Orc:4    | Noticed an ogre mage
  4508 | Orc:4    | Killed an ogre mage
  4568 | Orc:4    | Noticed an ogre mage
  4583 | Orc:4    | Killed an ogre mage
  4679 | Orc:4    | Found Toffimi's Jewellery Shop.
  4679 | Orc:4    | Found Dymawaab's General Store.
  4680 | Orc:4    | Found Muibeol's Armour Shoppe.
  4680 | Orc:4    | Found Ziax's Book Shop.
  4685 | Orc:4    | Reached skill level 12 in Unarmed Combat
  4704 | Orc:4    | Noticed an ogre mage
  4711 | Orc:4    | Killed an ogre mage
  4711 | Orc:4    | Reached XP level 12. HP: 55/118 MP: 11/16
  4746 | Orc:4    | Bought a book of the Earth for 1040 gold pieces
  4753 | Orc:4    | Learned a level 6 spell: Statue Form
  4779 | Orc:4    | Found a staircase to the Elven Halls.
  4783 | Orc:4    | Noticed Nessos
  4785 | Orc:4    | Killed Nessos
  4785 | Orc:4    | Reached skill level 1 in Earth Magic
  4792 | Orc:4    | Reached skill level 1 in Transmutations
  4955 | Orc:4    | Noticed an ogre mage
  4961 | Orc:4    | Killed an ogre mage
  4979 | Orc:4    | Found Zostatev's Magic Scroll Emporium.
  5147 | Orc:4    | Bought an uncursed ring of wizardry for 390 gold pieces
  5178 | Elf:1    | Entered Level 1 of the Elven Halls
  5207 | Elf:1    | Found an ancient bone altar of Kikubaaqudgha.
  5287 | Elf:2    | Noticed a deep elf death mage
  5290 | Elf:3    | Entered Level 3 of the Elven Halls
  5383 | Elf:3    | Found a frozen archway.
  5414 | Elf:3    | perfect
  5415 | IceCv    | Entered an ice cave
  5440 | IceCv    | HP: 1/118 [freezing wraith (6)]
  5619 | Elf:2    | Killed a deep elf death mage
  5724 | Elf:2    | Reached skill level 5 in Earth Magic
  5868 | Elf:3    | Reached XP level 13. HP: 91/124 MP: 18/18
  5976 | Elf:3    | Noticed a deep elf high priest
  5979 | Elf:3    | Noticed a deep elf sorcerer
  5989 | Elf:3    | Killed a deep elf sorcerer
  5994 | Elf:3    | Killed a deep elf high priest
  6007 | Elf:3    | Noticed a deep elf sorcerer
  6014 | Elf:3    | Killed a deep elf sorcerer
  6014 | Elf:3    | Reached skill level 5 in Transmutations
  6025 | Elf:3    | Noticed a deep elf sorcerer
  6035 | Elf:3    | Killed a deep elf sorcerer
  6053 | Elf:3    | Noticed a deep elf demonologist
  6065 | Elf:3    | Noticed a deep elf sorcerer
  6069 | Elf:3    | Cast into the Abyss (a deep elf sorcerer)
  6114 | Abyss:1  | Noticed a starcursed mass
  6183 | Abyss:1  | Noticed a revenant
  6321 | Abyss:2  | Gained mutation: Your muscles are strong. (Str +2) [evolution]
  6333 | Elf:3    | Escaped the Abyss
  6339 | Elf:3    | Killed a deep elf sorcerer
  6341 | Elf:3    | Noticed a deep elf blademaster
  6347 | Elf:3    | Killed a deep elf blademaster
  6347 | Elf:3    | Reached skill level 5 in Spellcasting
  6371 | Elf:3    | Noticed a deep elf sorcerer
  6372 | Elf:3    | Killed a deep elf sorcerer
  6377 | Elf:3    | Noticed a deep elf annihilator
  6378 | Elf:3    | Killed a deep elf annihilator
  6394 | Elf:3    | Noticed a deep elf high priest
  6426 | Elf:3    | Noticed a deep elf annihilator
  6440 | Elf:3    | Killed a deep elf annihilator
  6445 | Elf:3    | Noticed a deep elf demonologist
  6457 | Elf:3    | Killed a deep elf demonologist
  6472 | Elf:3    | Noticed a deep elf death mage
  6481 | Elf:3    | Noticed a deep elf demonologist
  6513 | Elf:3    | Killed a deep elf high priest
  6559 | Elf:3    | Killed a deep elf death mage
  6563 | Elf:3    | Noticed a deep elf annihilator
  6565 | Elf:3    | Killed a deep elf annihilator
  6566 | Elf:3    | Noticed a balrug
  6566 | Elf:3    | Noticed a deep elf high priest
  6567 | Elf:3    | Noticed a deep elf sorcerer
  6616 | Elf:3    | Noticed a deep elf sorcerer
  6622 | Elf:3    | Killed a deep elf sorcerer
  6625 | Elf:3    | Killed a deep elf high priest
  6625 | Elf:3    | Reached XP level 14. HP: 133/133 MP: 8/21
  6679 | Elf:3    | Killed a deep elf demonologist
  6682 | Elf:3    | Noticed a deep elf sorcerer
  6684 | Elf:3    | Killed a deep elf sorcerer
  6711 | Elf:3    | Noticed a deep elf demonologist
  6714 | Elf:3    | Killed a deep elf demonologist
  6720 | Elf:3    | Got an iridescent halberd {chop}
  6736 | Elf:3    | Noticed a deep elf death mage
  6737 | Elf:3    | Killed a deep elf death mage
  6742 | Elf:3    | Noticed a deep elf master archer
  6751 | Elf:3    | Killed a deep elf master archer
  6764 | Elf:3    | Noticed a deep elf sorcerer
  6765 | Elf:3    | Noticed a deep elf sorcerer
  6770 | Elf:3    | Killed a deep elf sorcerer
  6773 | Elf:3    | Killed a deep elf demonologist
  6778 | Elf:3    | Killed a deep elf sorcerer
  6837 | Elf:3    | Identified Foni's Almanac of Unholy Benedictions (You found it on level 3 of the Elven Halls)
  6841 | Elf:3    | Learned a level 2 spell: Repel Missiles
  6846 | Elf:3    | Noticed a deep elf demonologist
  6849 | Elf:3    | Killed a deep elf demonologist
  6859 | Elf:3    | Learned a level 4 spell: Passage of Golubria
  6876 | Elf:3    | Identified the Handbook of Creation (You found it on level 3 of the Elven Halls)
  6879 | Elf:3    | Identified the Guide on Nocuous Boosts (You found it on level 3 of the Elven Halls)
  6882 | Elf:3    | Identified the Catalogue of Boosting Beguiling (You found it on level 3 of the Elven Halls)
  6897 | Elf:3    | Noticed a deep elf blademaster
  6898 | Elf:3    | Noticed a deep elf annihilator
  6898 | Elf:3    | Noticed a deep elf blademaster
  6904 | Elf:3    | Killed a deep elf blademaster
  6906 | Elf:3    | Killed a deep elf blademaster
  6909 | Elf:3    | Killed a deep elf annihilator
  6910 | Elf:3    | Noticed a deep elf death mage
  6911 | Elf:3    | Killed a deep elf death mage
  6915 | Elf:3    | Noticed a deep elf annihilator
  6922 | Elf:3    | Killed a deep elf annihilator
  7069 | Orc:4    | Bought a book of Cantrips for 320 gold pieces
  7071 | Orc:4    | Learned a level 1 spell: Apportation
  7073 | Orc:4    | Learned a level 1 spell: Animate Skeleton
  7082 | Orc:4    | Learned a level 8 spell: Death's Door
  7084 | Orc:4    | Bought an uncursed ring of flight for 227 gold pieces
  7085 | Orc:4    | Bought a scroll of remove curse for 36 gold pieces
  7101 | Orc:4    | Upgraded the game from 0.17-a0-2002-g92c7e20 to 0.17-a0-2014-g32cd421
  7163 | Orc:4    | Noticed Sonja
  7221 | Lair:1   | Entered Level 1 of the Lair of Beasts
  7276 | Lair:1   | Found a labyrinth entrance.
  7290 | Lab      | Entered a labyrinth
  7364 | Lab      | Gained mutation: You are surrounded by a mild repulsion field (EV +2). [evolution]
  7392 | Lab      | Reached skill level 1 in Translocations
  7420 | Lab      | Identified the Disquisition on Execration (You found it in a labyrinth)
  7429 | Lab      | Identified the Handbook of Shifting Earth (You found it in a labyrinth)
  7433 | Lab      | Learned a level 2 spell: Stoneskin
  7717 | Lair:4   | Reached XP level 15. HP: 140/140 MP: 25/25
  7861 | Lair:5   | Found a staircase to the Snake Pit.
  7890 | Snake:1  | Entered Level 1 of the Snake Pit
  7917 | Snake:1  | Noticed Rupert
  8089 | Snake:1  | Killed Rupert
  8089 | Snake:1  | Reached skill level 5 in Evocations
  8183 | Snake:2  | Lost mutation: You evolve. [evolution]
  8401 | Snake:4  | Entered Level 4 of the Snake Pit
  8566 | Snake:4  | Noticed a greater naga
  8635 | Snake:4  | Noticed a greater naga
  8639 | Snake:4  | Killed a greater naga
  8639 | Snake:4  | Reached skill level 13 in Unarmed Combat
  8651 | Snake:4  | Noticed a greater naga
  8653 | Snake:4  | Killed a greater naga
  8653 | Snake:4  | Reached XP level 16. HP: 139/150 MP: 27/27
  8764 | Snake:4  | Gained mutation: You tend to lose your temper in combat. [mutagenic glow]
  8785 | Snake:4  | Gained mutation: You often lose your temper in combat. [mutagenic glow]
  8819 | Snake:4  | Killed a greater naga
  8938 | Snake:4  | Noticed a greater naga
  8938 | Snake:4  | Noticed Meriados's ghost (experienced HuBe)
  8949 | Snake:4  | Noticed Agnes
  9011 | Snake:4  | Killed Agnes
  9041 | Snake:4  | Killed a greater naga
  9043 | Snake:4  | Your ally Agnes died
  9162 | Snake:4  | Reached skill level 14 in Unarmed Combat
  9280 | Snake:4  | Noticed a greater naga
  9285 | Snake:4  | Killed a greater naga
  9303 | Snake:4  | Killed Meriados's ghost
  9389 | Snake:4  | Got a serpentine rune of Zot
  9473 | Snake:1  | Your ally Rupert died
  9624 | Lair:6   | Found a staircase to the Shoals.
  9662 | Shoals:1 | Entered Level 1 of the Shoals
  9795 | Shoals:3 | Noticed Mara
  9810 | Shoals:3 | Noticed 4thArraOfDagon's illusion
  9814 | Shoals:2 | Killed Mara
  9814 | Shoals:2 | Reached skill level 15 in Unarmed Combat
  9814 | Shoals:2 | Reached XP level 17. HP: 163/163 MP: 18/28
  9880 | Shoals:3 | Noticed Goblin1989's ghost (experienced CeFi)
  9887 | Shoals:3 | Killed Goblin1989's ghost
  9905 | Shoals:3 | Noticed Aizul
  9909 | Shoals:4 | Entered Level 4 of the Shoals
  9909 | Shoals:4 | Noticed Ilsuiw
  9911 | Shoals:4 | Killed Aizul
  9961 | Shoals:3 | Found Iwutetov's Jewellery Shoppe.
 10007 | Shoals:2 | Found Oripsecsae's Antique Weapon Emporium.
 10050 | Shoals:1 | Noticed Roxanne
 10253 | Shoals:4 | Killed Ilsuiw
 10321 | Shoals:4 | Reached skill level 10 in Dodging
 10333 | Shoals:4 | Got a barnacled rune of Zot
 10456 | Shoals:4 | Reached skill level 16 in Unarmed Combat
 10564 | Shoals:4 | Reached skill level 10 in Fighting
 10626 | Shoals:2 | Noticed Polyphemus
 10637 | Shoals:2 | Killed Polyphemus
 10707 | Shoals:1 | Killed Roxanne
 10894 | Lair:8   | Entered Level 8 of the Lair of Beasts
 11134 | Lair:8   | Found a viscous altar of Jiyva.
 11134 | Lair:8   | Found a staircase to the Slime Pits.
 11150 | Slime:1  | Entered Level 1 of the Pits of Slime
 11159 | Slime:1  | Gained mutation: You have sharp toenails. [a shining eye]
 11195 | Slime:2  | Reached skill level 17 in Unarmed Combat
 11219 | Slime:1  | Gained mutation: You are resistant to hostile enchantments. [a shining eye]
 11283 | Slime:4  | Gained mutation: You expend magic power (3 MP) to strengthen your wands. [a shining eye]
 11314 | Slime:5  | Reached XP level 18. HP: 174/174 MP: 25/29
 11354 | Slime:6  | Entered Level 6 of the Pits of Slime
 11486 | Slime:5  | Found a viscous altar of Jiyva.
 11535 | Slime:6  | Noticed the royal jelly
 11554 | Slime:6  | Killed the royal jelly
 11554 | Slime:6  | Reached skill level 10 in Invocations
 11586 | Slime:6  | Gained mutation: You are clumsy. (Dex -2) [a shining eye]
 11680 | Slime:6  | Got a slimy rune of Zot
 11683 | Slime:6  | Identified the Almanac of Stolen Souls and Earth (You found it on level 6 of the Pits of Slime)
 11727 | Slime:6  | Got a shimmering ivory ring
 11734 | Slime:6  | Learned a level 3 spell: Regeneration
 11736 | Slime:6  | Identified the ring of Ninuiw {Wiz Dex+2 SInv} (You found it on level 6 of the Pits of Slime)
 11777 | Slime:6  | Got a slimy robe
 11790 | Slime:6  | Identified the +1 robe "Veythruet" {Str-3 Int-3 Dex+2 Slay+6} (You found it on level 6 of the Pits of Slime)
 11902 | Lair:6   | Noticed DEFE's ghost (journeyman OpIE)
 11944 | Shoals:3 | Bought the ring "Raepled" {*Corrode rPois rF++ rC+} for 550 gold pieces
 12220 | D:11     | Found an iron altar of Okawaru.
 12525 | D:13     | Found a gate to the Vaults.
 12555 | Vaults:1 | Entered Level 1 of the Vaults
 12927 | Vaults:3 | Found Atou's Weapon Emporium.
 12975 | Vaults:4 | Reached XP level 19. HP: 188/188 MP: 28/30
 13027 | Vaults:4 | Reached skill level 18 in Unarmed Combat
 13220 | Vaults:5 | Entered Level 5 of the Vaults
 13439 | Vaults:5 | Reached skill level 10 in Evocations
 13475 | Vaults:5 | Got a silver rune of Zot
 13490 | Vaults:5 | Reached skill level 1 in Charms
 13490 | Vaults:5 | Reached skill level 1 in Necromancy
 13626 | Vaults:5 | Reached XP level 20. HP: 197/197 MP: 26/31
 13663 | Vaults:5 | Reached skill level 5 in Necromancy
 13722 | Vaults:5 | Reached skill level 5 in Charms
 13827 | Vaults:5 | Noticed a golden dragon
 13832 | Vaults:5 | Killed a golden dragon
 13854 | Vaults:5 | Identified a scroll of acquirement
 13912 | Vaults:5 | Identified Wikarilu's Almanac of Excruciating Curses (You found it on level 5 of the Vaults)
 13919 | Vaults:5 | Learned a level 5 spell: Silence
 13964 | Vaults:5 | Got a brightly glowing amethyst amulet
 13965 | Vaults:5 | Identified the amulet "Amurokha" {Clar Int+3} (You found it on level 5 of the Vaults)
 13987 | Vaults:5 | Reached skill level 1 in Hexes
 13987 | Vaults:5 | Reached skill level 1 in Air Magic
 14594 | Vaults:2 | Reached XP level 21. HP: 201/205 MP: 18/32
 14688 | Vaults:2 | Found a staircase to the Crypt.
 14699 | Crypt:1  | Entered Level 1 of the Crypt
 14715 | Crypt:1  | Reached skill level 5 in Hexes
 14715 | Crypt:1  | Reached skill level 5 in Air Magic
 14915 | Crypt:3  | Entered Level 3 of the Crypt
 15069 | Crypt:3  | Noticed Jory
 15149 | Crypt:3  | Noticed Frederick
 15152 | Crypt:3  | Killed Frederick
 15167 | Crypt:3  | Noticed Boris
 15171 | Crypt:3  | Killed Boris
 15444 | Crypt:3  | Found a staircase to the Tomb.
 15459 | Tomb:1   | Entered Level 1 of the Tomb of the Ancients
 15500 | Tomb:1   | Noticed a greater mummy
 15509 | Tomb:1   | Noticed a greater mummy
 15509 | Tomb:1   | Killed a greater mummy
 15509 | Tomb:1   | Reached skill level 10 in Necromancy
 15522 | Tomb:1   | Killed a greater mummy
 15539 | Tomb:1   | Noticed a greater mummy
 15542 | Tomb:1   | Killed a greater mummy
 15542 | Tomb:1   | Reached XP level 22. HP: 213/213 MP: 9/33
 15544 | Tomb:1   | Noticed a greater mummy
 15549 | Tomb:1   | Killed a greater mummy
 15578 | Tomb:1   | Noticed a greater mummy
 15584 | Tomb:1   | Killed a greater mummy
 15630 | Tomb:2   | Noticed an ancient lich
 15635 | Tomb:2   | Noticed a greater mummy
 15647 | Tomb:2   | HP: 10/276 [ushabti (13)]
 15762 | Tomb:3   | Entered Level 3 of the Tomb of the Ancients
 15887 | Tomb:3   | Noticed a greater mummy
 15899 | Tomb:2   | Killed a greater mummy
 15916 | Tomb:3   | Noticed a greater mummy
 15922 | Tomb:2   | Killed a greater mummy
 16057 | Tomb:3   | Noticed a greater mummy
 16063 | Tomb:3   | Killed a greater mummy
 16111 | Tomb:3   | Identified the Volume of the Glacier and Conjuration (You found it on level 3 of the Tomb of the Ancients)
 16137 | Tomb:3   | Reached skill level 10 in Charms
 16157 | Tomb:3   | Identified the Collected Works on Cankerous Arcane Weapons (You found it on level 3 of the Tomb of the Ancients)
 16162 | Tomb:3   | Got a coiled steel ring
 16171 | Tomb:3   | Got a fine steel ring
 16174 | Tomb:3   | Identified the ring of Sujo {Str+2 Dex+2} (You found it on level 3 of the Tomb of the Ancients)
 16175 | Tomb:3   | Identified the ring "Melyaval" {+Fly Dex+6 SInv} (You found it on level 3 of the Tomb of the Ancients)
 16180 | Tomb:3   | Got a glittering ivory ring
 16181 | Tomb:3   | Identified Sif Muna's Guide on Fire (You found it on level 3 of the Tomb of the Ancients)
 16183 | Tomb:3   | Identified the ring of Holely {rC+ rN+ MP+9} (You found it on level 3 of the Tomb of the Ancients)
 16233 | Tomb:3   | Noticed a greater mummy
 16280 | Tomb:3   | Noticed Khufu
 16282 | Tomb:3   | Noticed an ancient lich
 16284 | Tomb:3   | Killed Khufu
 16292 | Tomb:3   | Noticed a greater mummy
 16295 | Tomb:3   | Killed a greater mummy
 16339 | Tomb:3   | Killed a greater mummy
 16363 | Tomb:3   | Noticed a greater mummy
 16366 | Tomb:3   | Killed a greater mummy
 16392 | Tomb:3   | Killed an ancient lich
 16392 | Tomb:3   | Reached XP level 23. HP: 222/222 MP: 34/34
 16393 | Tomb:3   | Noticed a greater mummy
 16430 | Tomb:3   | Killed a greater mummy
 16518 | Tomb:3   | Got a golden rune of Zot
 16789 | D:15     | Entered Level 15 of the Dungeon
 16834 | D:15     | Found a staircase to the Depths.
 16878 | Depths:1 | Entered Level 1 of the Depths
 16881 | Depths:1 | Found a one-way gate to the infinite horrors of the Abyss.
 16896 | Depths:1 | Noticed Sojobo
 16901 | Depths:1 | Voluntarily entered the Abyss.
 16909 | Abyss:1  | Found a corrupted altar of Lugonu.
 17011 | Abyss:2  | Found a corrupted altar of Lugonu.
 17176 | Abyss:3  | Found a corrupted altar of Lugonu.
 17215 | Abyss:3  | Got an abyssal rune of Zot
 17264 | Abyss:4  | Found a corrupted altar of Lugonu.
 17366 | Abyss:4  | Found a corrupted altar of Lugonu.
 17378 | Abyss:4  | Gained mutation: You are highly resistant to hostile enchantments. [potion of beneficial mutation]
 17418 | Abyss:4  | Found a corrupted altar of Lugonu.
 17488 | Depths:1 | Escaped the Abyss
 17493 | Depths:1 | Killed Sojobo
 17589 | Depths:1 | Your ally Sojobo died
 17622 | Depths:2 | Found a corrupted altar of Lugonu.
 17647 | Depths:2 | Found Zaerriss's Weapon Shoppe.
 17740 | Depths:3 | Found a gateway to Hell.
 17755 | Hell     | Entered the Vestibule of Hell
 17755 | Hell     | Noticed Geryon
 17808 | Hell     | Killed Geryon
 17851 | Hell     | Found a gateway to the decaying netherworld of Tartarus.
 17870 | Tar:1    | Entered Level 1 of Tartarus
 17870 | Tar:1    | Found a gateway to Hell.
 17954 | Tar:2    | Found a gateway to Hell.
 18002 | Tar:3    | Found a gateway to Hell.
 18065 | Tar:3    | Reached XP level 24. HP: 231/231 MP: 35/35
 18087 | Tar:3    | Found a gateway to Hell.
 18156 | Tar:4    | Found a gateway to Hell.
 18156 | Tar:4    | Found a gateway to Hell.
 18236 | Tar:6    | Found a gateway to Hell.
 18251 | Tar:6    | Found a gateway to Hell.
 18282 | Tar:7    | Entered Level 7 of Tartarus
 18282 | Tar:7    | Found a gateway to Hell.
 18282 | Tar:7    | Found a gateway to Hell.
 18282 | Tar:7    | Found a gateway to Hell.
 18350 | Tar:7    | Reached skill level 10 in Spellcasting
 18361 | Tar:7    | Noticed Ereshkigal
 18363 | Tar:7    | Got a bone rune of Zot
 18464 | Hell     | Found a gateway to the ashen valley of Gehenna.
 18481 | Geh:1    | Entered Level 1 of Gehenna
 18481 | Geh:1    | Found a gateway to Hell.
 18490 | Geh:2    | Found a gateway to Hell.
 18541 | Geh:3    | Found a gateway to Hell.
 18566 | Geh:4    | Found a gateway to Hell.
 18589 | Geh:5    | Found a gateway to Hell.
 18600 | Geh:5    | HP: 12/297 [reaper/scythe of venom (21)]
 18601 | Geh:5    | Mangled by a reaper

Vault maps used:
D:1:      elethiomel_arrival_infinity_welcomes_careful_drivers, nrook_uturn
D:2:      cheibriados_altar_wand_db, first_bread, kennysheep_generic_room_15
D:3:      uniq_iyjb
D:4:      lemuel_crystal_altar
D:5:      kennysheep_mini_moat, uniq_edmund, uniq_pikel
D:6:      grunt_temple_overflow_open, nemelex_lonely_heart_becter
D:7:      minmay_temple_entry_trees, uniq_joseph, uniq_crazy_yiuf_cottage,
          uniq_menkaure
D:8:      kennysheep_orc_sif_temple, hangedman_pestilent_swarm, feat_on_display
D:9:      vehumet_crystals, david_lair_generic, special_room
D:10:     orc_david_3, kennysheep_small_circle
D:11:     kennysheep_nub, hex_medium, okawaru_ov_weapons_minmay, uniq_maud
D:12:     enter_bailey_7
D:13:     david_vaults_5
D:14:     hangedman_decor_diamond_cutter
D:15:     hangedman_depths_entry_try_elsewhere_first
Lair:1:   lab_entry_generic
Lair:2:   st_stairs_3, minivault_27, grunt_forest_large_clearing_hut,
          lemuel_fruit_tree, lemuel_fruit_fields, grunt_megastairs_1
Lair:3:   serial_bayou_pond_d, grunt_megastairs_3, infiniplex_staircase_pool
Lair:4:   beast_lair_carwin_6, uniq_urug
Lair:5:   gammafunk_lair_enchanted_lake, minmay_snake_entry_six_corridors
Lair:6:   gammafunk_lair_bear_cave, elwin_shoals_entry_stream,
          kennysheep_catoblepas_arena
Lair:8:   guppyfry_lair_end_dragon, hangedman_lair_tendril_chambers,
          slime_altar_1, minivault_25
Shoals:1: serial_shops, nicolae_shop_waterfront, uniq_roxanne
Shoals:2: nicolae_shoals_c_island, uniq_polyphemus
Shoals:3: serial_shops, shop_fountains, lightli_airlock, uniq_mara, uniq_aizul
Shoals:4: shoals_end_hangedman, shoal_ilsuiw, nicolae_shoals_arrival_archipelago
Snake:1:  grunt_megastairs_2, uniq_frances, uniq_rupert
Snake:4:  snake_pit_salamanders_mu, uniq_agnes
Slime:5:  basic_altar, nicolae_slime_barrier
Orc:1:    minmay_orc_temple_a
Orc:2:    serial_shops, shop
Orc:3:    serial_shops, nicolae_shop_scaring_up_business,
          nicolae_orc_pool_cavern, uniq_sonja
Orc:4:    st_orc_ogre_mass, serial_shops, nicolae_shop_trees, shop, uniq_nessos
Elf:1:    david_defended_altar_elf, uniq_azrael
Elf:2:    serial_shops, shop, lemuel_elevator, uniq_donald
Elf:3:    minmay_elf_hall_quartered_circle, portal_ice_cave_entry_ice_beasts
Vaults:1: vaults_mumra_minichess_inversion, v_alt_pattern_6,
          ontoclasm_vaults_hangar, nicolae_vaults_alarming, vaults_room_grid,
          v_alt_pattern_6, v_alt_pattern_5, nicolae_vaults_little_squares_2,
          vaults_room_grid, dpeg_vaults_monster_box, nicolae_vaults_asterisk
Vaults:2: ontoclasm_vaults_gateway, minmay_crypt_entry_simple_statues,
          ontoclasm_vaults_shuriken, vaults_room_pools, v_misc_8,
          ontoclasm_vaults_gallery, vaults_mumra_hex, vaults_room_fancy_cross,
          v_misc_23, vaults_mumra_hexcomb, v_misc_18, vaults_room_fours,
          v_misc_17, v_misc_25, vaults_room_corners, v_pattern_5
Vaults:3: v_misc_19, ontoclasm_vaults_misaligned, ontoclasm_vaults_twist,
          vaults_room_glass_cross, v_rooms_5, v_misc_5, grunt_vaults_trifunnel,
          hangedman_vaults_slice, v_misc_3, nicolae_vaults_asterisk,
          serial_shops, nicolae_shop_waterfront
Vaults:4: vaults_room_grid, hangedman_vaults_nodes, v_rooms_3,
          ontoclasm_vaults_misaligned, ontoclasm_vaults_spin,
          hangedman_vaults_capsules, v_misc_4, v_alt_pattern_4, v_misc_4,
          st_lines, ontoclasm_vaults_idyll, serial_shops, nicolae_shop_stone
Vaults:5: serial_shops
Crypt:1:  grunt_crypt_arrival_split
Crypt:2:  st_stairs_5
Crypt:3:  david_glass_crypt, nicolae_tomb_entry_rubble_hallway, uniq_frederick,
          uniq_boris, uniq_jory
Tomb:3:   uniq_khufu
Depths:1: evilmike_diamond_2, minmay_holes, grunt_metal_band, abyss_entry,
          serial_bayou_lagoon_a, minmay_misc_feat_more_columns,
          lemuel_old_faithful, uniq_sojobo
Depths:2: evilmike_halls_of_destruction, hell_entry, abyss_entry_flame_altar,
          grunt_pan_entry_in_and_out, serial_shops, shop,
          nicolae_lava_and_water, tso_metal_star, minmay_staircase_statues,
          serial_bayou_shore_b, uniq_asterion
Depths:3: minmay_three_patterns, enter_ziggurat_d,
          abyss_entry_small_statue_room, rand_demon_pan_entry_3, hell_entry,
          basic_stair_grate_trap, infiniplex_staircase_split_hallway
Geh:2:    grunt_megastairs_5
Geh:4:    nicolae_geh_single_fiery_grave
Geh:5:    grunt_deathspiral_small
Tar:2:    hangedman_snap_crack_crunch
Tar:3:    minmay_shadows
Tar:4:    hangedman_damned_closets
Tar:5:    nicolae_tar_cuneiform_oil
Tar:6:    nicolae_tar_cuneiform_two, nicolae_tar_cuneiform_oil, lemuel_elevator
Tar:7:    tar_mu
Abyss:1:  hangedman_abyss_lost_library
Abyss:3:  abyss_rune_water_cross, evilmike_abyss_exit_8
Abyss:4:  hangedman_abyss_mock_shop
Lab:      nicolae_lab_dead_adventurers, labyrinth_lava_lair, nicolae_lab_arrow,
          nicolae_lab_stuck, nicolae_lab_diamond, nicolae_lab_x,
          nicolae_lab_statue, nicolae_lab_grate, nicolae_lab_very_dead_end,
          nicolae_lab_swirl
IceCv:    ice_cave_caverns_03

Action                   |  1- 3 |  4- 6 |  7- 9 | 10-12 | 13-15 | 16-18 | 19-21 | 22-24 || total
-------------------------+-------+-------+-------+-------+-------+-------+-------+-------++-------
Melee: Unarmed           |   100 |    74 |   207 |   553 |   514 |   651 |   687 |   724 ||  3510
Throw: Tomahawk          |       |       |       |     1 |     1 |       |       |       ||     2
       Large rock        |       |       |       |       |       |    29 |     1 |    13 ||    43
 Cast: Statue Form       |       |       |       |       |    31 |    79 |    48 |    44 ||   202
       Apportation       |       |       |       |       |    28 |   133 |    49 |    33 ||   243
       Animate Skeleton  |       |       |       |       |    22 |    81 |    46 |    20 ||   169
       Passage of Golubr |       |       |       |       |     3 |    21 |     5 |    26 ||    55
       Repel Missiles    |       |       |       |       |     4 |     9 |     2 |     2 ||    17
       Stoneskin         |       |       |       |       |       |     2 |    10 |     4 ||    16
       Regeneration      |       |       |       |       |       |     1 |    37 |    30 ||    68
       Silence           |       |       |       |       |       |       |       |     2 ||     2
Invok: Slouch            |       |       |       |     6 |     6 |     3 |     2 |    17 ||    34
       Step From Time    |       |       |       |       |     2 |       |     1 |     3 ||     6
       Temporal Distorti |       |       |       |       |     1 |     3 |     4 |     5 ||    13
 Abil: Evoke Teleportati |       |       |     2 |     3 |    18 |    73 |    88 |   105 ||   289
       End Transformatio |       |       |       |       |       |     3 |     9 |     9 ||    21
       Evoke Flight      |       |       |       |       |       |     2 |       |       ||     2
Evoke: Wand              |       |     5 |    14 |    13 |     9 |    11 |       |     2 ||    54
       Deck              |       |       |       |       |       |     2 |     1 |       ||     3
       Lamp of fire      |       |       |       |       |       |     2 |       |       ||     2
  Use: Scroll            |     4 |     6 |     4 |     5 |    11 |    17 |     9 |    15 ||    71
       Potion            |       |       |       |     2 |     4 |     4 |       |     5 ||    15
 Stab: Sleeping          |       |     2 |     4 |     2 |     2 |     3 |     2 |     2 ||    17
       Confused          |       |       |     3 |       |       |       |       |       ||     3
       Distracted        |       |       |       |       |     3 |     4 |     4 |     3 ||    14
  Eat: Chunk             |    10 |     6 |    16 |    26 |    47 |    88 |    47 |    29 ||   269
       Beef jerky        |       |       |       |       |     1 |       |     8 |     1 ||    10
       Fruit             |       |       |       |       |       |    15 |       |       ||    15
       Pizza             |       |       |       |       |       |       |     2 |       ||     2
       Bread ration      |       |       |       |       |       |       |       |    11 ||    11
